 Dungeon Crawl Stone Soup version 0.25.0-11-g1f837a76a1 (webtiles) character file.

Game seed: 3253679185159379775

34 Froggeryz the Chopper (level 3, 0/27 HPs)
             Began as a Formicid Skald on June 27, 2020.
             Slain by a gnoll
             ... wielding a +0 spear
              (10 damage)
             ... on level 2 of the Dungeon.
             The game lasted 00:00:49 (611 turns).

Froggeryz the Chopper (Formicid Skald)               Turns: 611, Time: 00:00:50

Health: 0/27       AC:  3    Str: 15    XL:     3   Next: 50%
Magic:  6/6        EV: 11    Int: 13    God:
Gold:   44         SH:  0    Dex: 10    Spells: 5/6 levels left

rFire    . . .     SeeInvis +   a - +0 hand axe
rCold    . . .     Gourm    .   (no shield)
rNeg     . . .     Faith    .   b - +0 leather armour
rPois    .         Spirit   .   (helmet unavailable)
rElec    .         Reflect  .   (no cloak)
rCorr    .         Harm     .   (no gloves)
MR       .....                  (no boots)
Stlth    +.........             (no amulet)
HPRegen  0.09/turn              (no ring)
MPRegen  0.10/turn              (no ring)

@: no status effects
A: permanent stasis, dig shafts and tunnels, four strong arms, antennae 3
a: Dig, Shaft Self


You were on level 2 of the Dungeon.
You were not hungry.

You visited 1 branch of the dungeon, and saw 2 of its levels.

You collected 44 gold pieces.

Inventory:

Hand Weapons
 a - a +0 hand axe (weapon)
Armour
 b - a +0 leather armour (worn)
 f - a +0 kite shield
Scrolls
 c - a scroll of identify {unknown}
 e - a scroll of enchant armour {unknown}
 i - a scroll of immolation {unknown}
 j - a scroll of teleportation {unknown}
 l - a scroll of noise {unknown}
 m - a scroll of random uselessness {unknown}
Potions
 h - 2 potions of mutation {unknown}
 k - a potion of curing {unknown}
Comestibles
 d - 3 rations
 g - 7 chunks of flesh


   Skills:
 - Level 2.1 Fighting
 * Level 3.4 Axes
 - Level 1.1 Armour
 - Level 1.7 Dodging
 + Level 1.2 Shields
 - Level 2.1 Spellcasting
 - Level 3.0 Charms


You had 5 spell levels left.
You knew the following spells:

 Your Spells              Type           Power        Failure   Level  Hunger
a - Infusion              Chrm           #...         9%          1    ##.....

Your spell library contained the following spells:

 Spells                   Type           Power        Failure   Level  Hunger
 Song of Slaying          Chrm           #.......     14%         2    ###....
 Shroud of Golubria       Chrm/Tloc      #.....       26%         2    ###....
 Ozocubu's Armour         Chrm/Ice       #.......     45%         3    ####...
 Spectral Weapon          Hex/Chrm       #.......     45%         3    ####...


Dungeon Overview and Level Annotations

Branches:
Dungeon (2/15)

Altars:
Yredelemnul


Innate Abilities, Weirdness & Mutations

You cannot be hasted, slowed, berserked, paralysed or teleported.
You can dig through walls and to a lower floor.
Your four strong arms can wield two-handed weapons with a shield.
You have a pair of large antennae on your head. (SInv)


Message History

A hobgoblin comes into view. It is wielding a +0 club.
The hobgoblin shouts!
The gnoll hits you with a +0 spear.
You hit the gnoll.
The gnoll is heavily wounded.
The gnoll completely misses you. The gnoll closely misses you.
You barely miss the gnoll.
The gnoll is heavily wounded.
The gnoll barely misses you. The gnoll hits you but does no damage.
You hit the gnoll.
You kill the gnoll!
The gnoll barely misses you.
You hit the gnoll.
The gnoll is moderately wounded.
The gnoll hits you with a +0 whip! The gnoll closely misses you.
You hit the gnoll.
The gnoll is severely wounded.
The gnoll hits you with a +0 whip.
The gnoll hits you from afar with a +0 spear!
You die...

#... #.# #..# ... #..#
#.# #..# #.# . #..#####
#.# .. .......# #.# #.#.
...###.######.# .....
##..........(.####g.P.P.
#####.#........@gg.._..
#.#.##########.P.P.
#.#.# ... #.#.# # #.#.#
#.#.# #.#.#


You could see 2 gnolls and a hobgoblin.

Vanquished Creatures
  A gnoll (D:2)
  A dart slug (D:2)
  A leopard gecko (D:1)
  A bat (D:1)
  A giant cockroach (D:1)
  7 goblins (D:1)
  A hobgoblin (D:2)
  4 frilled lizards (D:1)
  4 kobolds (D:1)
21 creatures vanquished.

Notes
Turn   | Place    | Note
-------+----------+-------------------------------------------
     0 | D:1      | Froggeryz the Formicid Skald began the quest for the Orb.
     0 | D:1      | Reached XP level 1. HP: 16/16 MP: 3/3
    44 | D:1      | Reached XP level 2. HP: 22/22 MP: 5/5
   459 | D:1      | Reached XP level 3. HP: 23/27 MP: 6/6
   597 | D:2      | Reached skill level 1 in Shields
   604 | D:2      | Found a basalt altar of Yredelemnul.
   611 | D:2      | Slain by a gnoll

Illustrated notes

Levels and vault maps discovered:
D:1:      giann_horns, layout_rooms, grunt_decor_mini_mirrors
D:2:      kennysheep_big_flooded_room, layout_loops_ring,
          yredelemnul_altar_generic, uniq_terence

Skill      XL: |  1  2  3 |
---------------+----------+-----
Axes           | 3 |  3.4
Shields        | 1 |  1.2
Fighting       | |  2.1
Armour         | |  1.1
Dodging        | |  1.7
Spellcasting   | |  2.1
Charms         | |  3.0

Action                   || total
-------------------------++-------
Melee: Hand axe          ||    77
Armor: Leather armour    ||    17
Dodge: Dodged            ||    51
